Remparts vs Sewer Rats
(R1)
Created - April 24, 2017 at 20:57
Goals
|
Remparts |
0 |
1 |
1 |
0 |
2 |
Sewer Rats |
0 |
1 |
1 |
1 |
3 |
|
Shots
|
Remparts |
13 |
10 |
10 |
1 |
34 |
Sewer Rats |
19 |
12 |
5 |
3 |
39 |
|
1st period
No Goal
Penalties :
Jonathan Marchessault (Tol) for Holding (Minor) at 3:15, Joel Edmundson (Tol) for Interference (Minor) at 9:27
2nd period
1. Sewer Rats , Zach Boychuk 18 (Jonathan Marchessault 28) at 2:08
2. Remparts , Geordie Wudrick 4 (Jonathan Cheechoo 20) at 5:07
Penalties :
Kyle Turris (Tol) for Hooking (Minor) at 2:23, Evan Brophey (Tol) for Interference (Minor) at 13:48
3rd period
3. Remparts , Daniel Paille 35 (Keith Ballard 31, Jonathan Matsumoto 65) at 0:10
4. Sewer Rats , Dmitrij Jaskin 3 (Vojtech Polak 36, Evan Brophey 5) at 16:51
Penalties :
Radko Gudas (Que) for Roughing (Minor) at 7:09, Mattias Ekholm (Tol) for High sticking (Minor) at 9:56, Keith Ballard (Que) for High sticking (Minor) at 13:08, Dmitrij Jaskin (Tol) for Hooking (Minor) at 17:24
Overtime #1
5. Sewer Rats , Mark Mancari 39 (Ville Leino 50) at 1:36
Penalties :
No Penalty
Goalie Stats
Petr Mrazek (Que), 36 saves from 39 shots - (0.923), OTL, 18-18-6, 61:36 minutes
Richard Bachman (Tol), 32 saves from 34 shots - (0.941), W, 28-21-1, 61:36 minutes
Players Stats for Remparts
Player Name G A P +/- PIM S H SB GA TA FO MP PP MP PK MP
------------------------------------------------------------------------------------
Brandon Gormley 0 0 0 -1 0 1 0 2 0 0 0/0 21:48 5:08 2:10
Cédric Lalonde-McNicoll 0 0 0 -1 0 4 3 0 0 0 11/15 17:59 5:10 0:40
Daniel Paille 1 0 1 0 0 10 1 3 2 0 1/1 24:39 6:40 2:28
Erik Gustafsson 0 0 0 1 0 0 1 0 0 0 0/0 11:41 0:00 0:00
Geordie Wudrick 1 0 1 1 0 1 2 0 0 0 0/0 6:49 0:00 0:00
Guillaume Desbiens 0 0 0 -1 0 4 1 0 1 0 0/0 17:00 5:10 0:00
Johannes Salmonsson 0 0 0 -1 0 4 1 2 0 0 1/1 18:28 5:10 1:20
Jonathan Cheechoo 0 1 1 1 0 2 1 1 0 0 1/1 6:49 0:00 0:00
Jonathan Matsumoto 0 1 1 0 0 0 1 0 0 0 20/35 22:07 6:40 0:00
Keith Ballard 0 1 1 -1 2 2 0 1 0 0 0/0 27:28 6:46 1:16
Luca Caputi 0 0 0 -1 0 0 0 0 1 1 0/0 10:41 0:00 0:43
Matt Halischuk 0 0 0 1 0 2 3 0 0 1 0/1 21:36 6:32 0:00
Max Reinhart 0 0 0 1 0 0 0 0 0 1 3/6 9:59 0:00 2:19
Mika Zibanejad 0 0 0 -1 0 1 1 1 0 1 2/4 12:10 0:16 0:26
Nate Guenin 0 0 0 1 0 2 1 0 1 0 0/0 13:38 0:00 1:48
Petr Straka 0 0 0 -1 0 1 0 0 0 0 0/0 10:28 0:04 0:00
Radko Gudas 0 0 0 -1 2 0 3 2 1 0 0/0 28:28 6:46 1:54
William Colbert 0 0 0 -1 0 0 4 3 1 2 0/0 20:35 5:08 0:48
Players Stats for Sewer Rats
Player Name G A P +/- PIM S H SB GA TA FO MP PP MP PK MP
------------------------------------------------------------------------------------
Daniel Carr 0 0 0 0 0 0 0 0 0 0 0/1 3:14 0:00 3:09
Derek Dorsett 0 0 0 0 0 4 0 0 0 0 1/3 14:39 1:46 0:00
Dmitrij Jaskin 1 0 1 1 2 2 1 0 0 0 0/0 11:44 0:05 0:00
Evan Brophey 0 1 1 1 2 2 1 0 1 1 1/4 11:22 0:00 0:00
Jarred Tinordi 0 0 0 2 0 0 0 0 0 0 0/0 13:36 1:55 0:00
Joel Edmundson 0 0 0 0 2 0 0 1 0 0 0/0 10:28 0:45 2:16
John Lammers 0 0 0 0 0 1 1 0 0 0 0/0 6:34 0:00 1:15
John Ramage 0 0 0 1 0 0 0 0 0 0 0/0 6:46 0:00 0:49
Jonathan Marchessault 0 1 1 0 2 3 0 0 1 0 5/15 14:45 1:46 0:00
Kyle Quincey 0 0 0 -1 0 2 0 0 0 0 0/0 17:55 0:00 4:34
Kyle Turris 0 0 0 -1 2 1 1 1 1 1 11/24 19:37 2:07 3:01
Mark Mancari 1 0 1 0 0 4 4 0 0 0 1/2 21:38 2:07 5:59
Matt Lashoff 0 0 0 1 0 3 2 2 1 1 0/0 28:35 2:24 6:58
Mattias Ekholm 0 0 0 -1 2 3 2 2 0 1 0/0 20:09 1:55 4:14
Patrick Bordeleau 0 0 0 0 0 0 0 0 0 0 0/0 2:05 0:05 0:00
Ryan Murphy 0 0 0 1 0 0 0 1 0 0 0/0 6:48 0:08 0:21
Steven Kampfer 0 0 0 -1 0 4 1 1 1 2 0/0 19:45 0:49 4:36
Tom Sestito 0 0 0 0 0 0 0 0 0 0 0/0 1:19 0:05 0:00
Ville Leino 0 1 1 0 0 4 3 2 1 0 6/10 26:18 2:07 6:13
Vincent Trocheck 0 0 0 0 0 1 0 0 0 0 0/3 6:02 0:00 0:26
Vojtech Polak 0 1 1 1 0 0 1 0 0 1 0/0 10:58 0:00 0:00
William Karlsson 0 0 0 0 0 0 0 0 0 0 0/0 0:00 0:00 0:00
Zach Boychuk 1 0 1 0 0 5 4 2 0 0 0/2 20:07 1:46 3:45
3 Stars
1 - Zach Boychuk (Tol)
2 - Geordie Wudrick (Que)
3 - Mark Mancari (Tol)
Power Play
Remparts - 0 on 6 Attempt(s) - 0.00%
Sewer Rats - 0 on 3 Attempt(s) - 0.00%
Penalty Kill
Remparts - 3 on 3 Attempt(s) - 100.00%
- Score 0 goal in Penalty Kill
Sewer Rats - 6 on 6 Attempt(s) - 100.00%
- Score 0 goal in Penalty Kill
Team Stat
Remparts - Hits : 23 - Faceoff Wins : 39 - Blocked Shots : 15 - Penalty Minutes : 4
Sewer Rats - Hits : 21 - Faceoff Wins : 25 - Blocked Shots : 12 - Penalty Minutes : 12
Official
Referees : Sutherland Kelly and Hasenfratz Mike
Linesman : Steve Miller and Jonny Murray
Game Notes
19:02 of 2nd period - Penalty Shot by Radko Gudas for Remparts - Stopped by Richard Bachman
Kyle Quincey is injured at 0:37 of 3rd period (Right Hand)
Finance
Level 1 -- Attendance: 1342 (67.10%) -- Ticket Income $40,260
Level 2 -- Attendance: 792 (79.20%) -- Ticket Income $9,504
Total Attendance: 2134 (71.13%)
Total Ticket Income: $49,764
Other Income: $2,488
Total Income: $52,252
Remparts
5 vs 5 Forward
Center Left Wing Right Wing Time % Phy DF OF
1 Jonathan Matsumoto Daniel Paille Matt Halischuk 40 0 2 3
2 Cédric Lalonde-McNicoll Johannes Salmonsson Guillaume Desbiens 30 0 2 3
3 Mika Zibanejad Luca Caputi Petr Straka 20 0 2 3
4 Max Reinhart Geordie Wudrick Jonathan Cheechoo 10 0 3 2
5 vs 5 Defense
Defense Defense Time % Phy DF OF
1 Radko Gudas Keith Ballard 40 0 2 3
2 William Colbert Brandon Gormley 30 0 2 3
3 Erik Gustafsson Nate Guenin 20 1 2 2
4 Radko Gudas Keith Ballard 10 0 2 3
PowerPlay Forward
Center Left Wing Right Wing Time % Phy DF OF
1 Jonathan Matsumoto Daniel Paille Matt Halischuk 60 1 0 4
2 Cédric Lalonde-McNicoll Johannes Salmonsson Guillaume Desbiens 40 1 0 4
PowerPlay Defense
Defense Defense Time % Phy DF OF
1 Radko Gudas Keith Ballard 60 1 1 3
2 William Colbert Brandon Gormley 40 1 1 3
Penalty Kill 4 Players Forward
Center Wing Time % Phy DF OF
1 Max Reinhart Daniel Paille 60 1 4 0
2 Cédric Lalonde-McNicoll Johannes Salmonsson 40 1 4 0
Penalty Kill 4 Players Defense
Defense Defense Time % Phy DF OF
1 Radko Gudas Keith Ballard 60 1 4 0
2 William Colbert Brandon Gormley 40 1 4 0
Penalty Kill - 3 Players Forward
Forward Time % Phy DF OF
1 Max Reinhart 60 1 2 2
2 Cédric Lalonde-McNicoll 40 1 2 2
Penalty Kill - 3 Players Defense
Defense Defense Time % Phy DF OF
1 Radko Gudas Keith Ballard 60 1 2 2
2 William Colbert Brandon Gormley 40 1 2 2
4 vs 4 Forward
Center Wing Time % Phy DF OF
1 Jonathan Matsumoto Daniel Paille 60 0 2 3
2 Cédric Lalonde-McNicoll Matt Halischuk 40 0 2 3
4 vs 4 Defense
Defense Defense Time % Phy DF OF
1 Radko Gudas Keith Ballard 60 0 2 3
2 William Colbert Brandon Gormley 40 0 2 3
Last Minutes Offensive
Center Left Wing Right Wing Defense Defense
Jonathan Matsumoto Daniel Paille Guillaume Desbiens Radko Gudas Keith Ballard
Last Minutes Defensive
Center Left Wing Right Wing Defense Defense
Jonathan Matsumoto Daniel Paille Guillaume Desbiens Radko Gudas Keith Ballard
Goaltenders
Starting : Petr Mrazek
Backup : Tyler Plante
Extra Forwards
Normal : Mika Zibanejad, Daniel Paille, Max Reinhart - PP : Mika Zibanejad, Petr Straka - PK : Luca Caputi
Extra Defensemen
Normal : Brandon Gormley, Radko Gudas, William Colbert - PP : Nate Guenin - PK : Brandon Gormley, Radko Gudas
Penalty Shots
Daniel Paille, Jonathan Matsumoto, Jonathan Cheechoo, Matt Halischuk, Cédric Lalonde-McNicoll
Scratches
Michael Paliotta (Healthy), Ivan Vishnevski (Healthy), Chris Mueller (Healthy), Jarod Palmer (Healthy), Dale Weise (Healthy)
Sewer Rats
5 vs 5 Forward
Center Left Wing Right Wing Time % Phy DF OF
1 Kyle Turris Ville Leino Mark Mancari 40 1 2 2
2 Jonathan Marchessault Zach Boychuk Derek Dorsett 30 1 2 2
3 Evan Brophey Vojtech Polak Dmitrij Jaskin 20 1 2 2
4 Vincent Trocheck John Lammers Ville Leino 10 1 2 2
5 vs 5 Defense
Defense Defense Time % Phy DF OF
1 Matt Lashoff Kyle Quincey 40 1 2 2
2 Mattias Ekholm Steven Kampfer 30 1 2 2
3 Jarred Tinordi Joel Edmundson 20 1 2 2
4 John Ramage Ryan Murphy 10 1 2 2
PowerPlay Forward
Center Left Wing Right Wing Time % Phy DF OF
1 Kyle Turris Ville Leino Mark Mancari 60 1 2 2
2 Jonathan Marchessault Zach Boychuk Derek Dorsett 40 1 2 2
PowerPlay Defense
Defense Defense Time % Phy DF OF
1 Matt Lashoff Kyle Quincey 60 1 2 2
2 Mattias Ekholm Steven Kampfer 40 1 2 2
Penalty Kill 4 Players Forward
Center Wing Time % Phy DF OF
1 Ville Leino Mark Mancari 60 1 2 2
2 Zach Boychuk Kyle Turris 40 1 2 2
Penalty Kill 4 Players Defense
Defense Defense Time % Phy DF OF
1 Matt Lashoff Kyle Quincey 60 1 2 2
2 Mattias Ekholm Steven Kampfer 40 1 2 2
Penalty Kill - 3 Players Forward
Forward Time % Phy DF OF
1 Ville Leino 60 1 2 2
2 Mark Mancari 40 1 2 2
Penalty Kill - 3 Players Defense
Defense Defense Time % Phy DF OF
1 Matt Lashoff Kyle Quincey 60 1 2 2
2 Mattias Ekholm Steven Kampfer 40 1 2 2
4 vs 4 Forward
Center Wing Time % Phy DF OF
1 Ville Leino Mark Mancari 60 1 2 2
2 Zach Boychuk Kyle Turris 40 1 2 2
4 vs 4 Defense
Defense Defense Time % Phy DF OF
1 Matt Lashoff Kyle Quincey 60 1 2 2
2 Mattias Ekholm Steven Kampfer 40 1 2 2
Last Minutes Offensive
Center Left Wing Right Wing Defense Defense
Kyle Turris Ville Leino Mark Mancari Matt Lashoff Kyle Quincey
Last Minutes Defensive
Center Left Wing Right Wing Defense Defense
Kyle Turris Ville Leino Mark Mancari Matt Lashoff Kyle Quincey
Goaltenders
Starting : Richard Bachman
Backup : Brad Thiessen
Extra Forwards
Normal : Patrick Bordeleau, Tom Sestito, Daniel Carr - PP : Patrick Bordeleau, Tom Sestito - PK : Daniel Carr
Extra Defensemen
Normal : Jarred Tinordi, Joel Edmundson, John Ramage - PP : Jarred Tinordi - PK : Joel Edmundson, John Ramage
Penalty Shots
Ville Leino, Mark Mancari, Zach Boychuk, Kyle Turris, Vojtech Polak
Scratches
Nick Cousins (Herniated Disc Injury), Jared Boll (Healthy), Josh Archibald (Healthy), Xavier Ouellet (Healthy), Jonathan Racine (Healthy)
% Time on Ice - Remparts
Lines # - Real PCT - Wanted PCT - Time Play
Normal Forward
1 - 35% - 40% - 15:38
2 - 27% - 30% - 11:43
3 - 23% - 20% - 9:58
4 - 15% - 10% - 6:49
Normal Defense
1 - 40% - 40% - 17:35
2 - 31% - 30% - 13:32
3 - 26% - 20% - 11:41
4 - 3% - 10% - 1:20
PP Forward
1 - 57% - 60% - 6:44
2 - 43% - 40% - 5:10
PP Defense
1 - 57% - 60% - 6:46
2 - 43% - 40% - 5:08
PK Forward
1 - 83% - 60% - 3:18
2 - 17% - 40% - 0:40
PK Defense
1 - 98% - 60% - 3:53
2 - 2% - 40% - 0:05
PK3 Forward
1 - 0% - 60%
2 - 0% - 40%
PK3 Defense
1 - 0% - 60%
2 - 0% - 40%
44 Forward
1 - 73% - 60% - 1:10
2 - 27% - 40% - 0:26
44 Defense
1 - 56% - 60% - 0:54
2 - 44% - 40% - 0:42
Last Minute Offensive - 0:00
Last Minute Defensive - 0:00
Total
Forward - 61:36
Defense - 61:36
|
% Time on Ice - Sewer Rats
Lines # - Real PCT - Wanted PCT - Time Play
Normal Forward
1 - 31% - 40% - 13:34
2 - 32% - 30% - 14:17
3 - 25% - 20% - 10:58
4 - 12% - 10% - 5:19
Normal Defense
1 - 41% - 40% - 18:11
2 - 31% - 30% - 13:46
3 - 16% - 20% - 7:03
4 - 12% - 10% - 5:08
PP Forward
1 - 55% - 60% - 2:12
2 - 45% - 40% - 1:46
PP Defense
1 - 79% - 60% - 3:09
2 - 21% - 40% - 0:49
PK Forward
1 - 68% - 60% - 8:09
2 - 32% - 40% - 3:45
PK Defense
1 - 61% - 60% - 7:18
2 - 39% - 40% - 4:36
PK3 Forward
1 - 0% - 60%
2 - 0% - 40%
PK3 Defense
1 - 0% - 60%
2 - 0% - 40%
44 Forward
1 - 73% - 60% - 1:10
2 - 27% - 40% - 0:26
44 Defense
1 - 65% - 60% - 1:02
2 - 35% - 40% - 0:34
Last Minute Offensive - 0:00
Last Minute Defensive - 0:00
Total
Forward - 61:36
Defense - 61:36
|
Play by Play
1st period
0:01 of 1st period - Kyle Turris wins face-off versus Jonathan Matsumoto in neutral zone.
0:10 of 1st period - Slapshot by Ville Leino.
0:10 of 1st period - Shot Blocked by Keith Ballard.
0:40 of 1st period - Johannes Salmonsson is hit by Zach Boychuk and loses puck.
0:59 of 1st period - Slapshot by Steven Kampfer.
0:59 of 1st period - Deflect By Vojtech Polak.
0:59 of 1st period - Shot Blocked by Johannes Salmonsson.
0:59 of 1st period - Puck is out of play.
1:00 of 1st period - Mika Zibanejad wins face-off versus Vincent Trocheck in Remparts zone.
1:46 of 1st period - Snap shot by Zach Boychuk.
1:46 of 1st period - Stopped by Petr Mrazek without a rebound.
1:47 of 1st period - Jonathan Cheechoo wins face-off versus Jonathan Marchessault in Remparts zone.
1:58 of 1st period - Backhand shot by Steven Kampfer.
1:58 of 1st period - Stopped by Petr Mrazek with a rebound.
2:00 of 1st period - Slapshot by Steven Kampfer.
2:00 of 1st period - Stopped by Petr Mrazek with a rebound.
2:02 of 1st period - Snap shot by Mattias Ekholm.
2:02 of 1st period - Deflect By Keith Ballard.
2:02 of 1st period - Stopped by Petr Mrazek with a rebound.
2:35 of 1st period - William Colbert is hit by Ville Leino and loses puck.
3:13 of 1st period - Snap shot by Guillaume Desbiens.
3:13 of 1st period - Stopped by Richard Bachman with a rebound.
3:15 of 1st period - Minor Penalty to Jonathan Marchessault for Holding.
3:16 of 1st period - Ville Leino wins face-off versus Jonathan Matsumoto in Sewer Rats zone.
3:56 of 1st period - Mark Mancari is hit by Guillaume Desbiens and loses puck.
4:24 of 1st period - Wrist shot by Matt Halischuk.
4:24 of 1st period - Stopped by Richard Bachman without a rebound.
4:25 of 1st period - Jonathan Matsumoto wins face-off versus Daniel Carr in Sewer Rats zone.
5:15 of 1st period - Penalty to Jonathan Marchessault is over, Jonathan Marchessault is back on ice.
5:33 of 1st period - Slapshot by Mika Zibanejad.
5:33 of 1st period - Stopped by Richard Bachman with a rebound.
5:43 of 1st period - Mattias Ekholm is hit by Geordie Wudrick and loses puck.
5:58 of 1st period - Wrist shot by Dmitrij Jaskin.
5:58 of 1st period - Stopped by Petr Mrazek with a rebound.
6:00 of 1st period - Slapshot by Jarred Tinordi.
6:00 of 1st period - Shot Misses the Net.
6:16 of 1st period - Backhand shot by Kyle Quincey.
6:16 of 1st period - Stopped by Petr Mrazek without a rebound.
6:17 of 1st period - Jonathan Matsumoto wins face-off versus Kyle Turris in Remparts zone.
6:22 of 1st period - Ville Leino is hit by Daniel Paille and loses puck.
6:55 of 1st period - Snap shot by Johannes Salmonsson.
6:55 of 1st period - Stopped by Richard Bachman without a rebound.
6:56 of 1st period - Derek Dorsett wins face-off versus Cédric Lalonde-McNicoll in Sewer Rats zone.
6:58 of 1st period - Icing by Zach Boychuk.
6:59 of 1st period - Jonathan Marchessault wins face-off versus Cédric Lalonde-McNicoll in Sewer Rats zone.
7:24 of 1st period - Snap shot by Ville Leino.
7:24 of 1st period - Shot Blocked by William Colbert.
7:40 of 1st period - Snap shot by Guillaume Desbiens.
7:40 of 1st period - Shot Blocked by Mattias Ekholm.
7:42 of 1st period - Slapshot by William Colbert.
7:42 of 1st period - Shot Blocked by Kyle Turris.
8:00 of 1st period - Snap shot by Guillaume Desbiens.
8:00 of 1st period - Shot Misses the Net.
8:02 of 1st period - Snap shot by Johannes Salmonsson.
8:02 of 1st period - Shot Misses the Net.
8:04 of 1st period - Snap shot by Cédric Lalonde-McNicoll.
8:04 of 1st period - Stopped by Richard Bachman without a rebound.
8:05 of 1st period - Jonathan Matsumoto wins face-off versus Jonathan Marchessault in Sewer Rats zone.
8:16 of 1st period - Snap shot by Zach Boychuk.
8:16 of 1st period - Shot Misses the Net.
8:18 of 1st period - Slapshot by Kyle Quincey.
8:18 of 1st period - Stopped by Petr Mrazek without a rebound.
8:19 of 1st period - Jonathan Matsumoto wins face-off versus Jonathan Marchessault in Remparts zone.
8:46 of 1st period - Kyle Quincey is hit by Radko Gudas and loses puck.
9:13 of 1st period - Slapshot by Ville Leino.
9:13 of 1st period - Stopped by Petr Mrazek without a rebound.
9:14 of 1st period - Jonathan Matsumoto wins face-off versus Kyle Turris in Remparts zone.
9:25 of 1st period - Snap shot by Daniel Paille.
9:25 of 1st period - Shot Misses the Net.
9:27 of 1st period - Minor Penalty to Joel Edmundson for Interference.
9:28 of 1st period - Ville Leino wins face-off versus Jonathan Matsumoto in Sewer Rats zone.
9:28 of 1st period - Ville Leino is hit by Jonathan Matsumoto.
11:11 of 1st period - Matt Halischuk is hit by John Lammers and loses puck.
11:24 of 1st period - Daniel Paille is hit by Zach Boychuk and loses puck.
11:27 of 1st period - Penalty to Joel Edmundson is over, Joel Edmundson is back on ice.
11:36 of 1st period - Kyle Turris is hit by Matt Halischuk and loses puck.
11:47 of 1st period - Slapshot by Daniel Paille.
11:47 of 1st period - Stopped by Richard Bachman with a rebound.
11:51 of 1st period - Wrist shot by Matt Halischuk.
11:51 of 1st period - Stopped by Richard Bachman without a rebound.
11:52 of 1st period - Cédric Lalonde-McNicoll wins face-off versus Evan Brophey in Sewer Rats zone.
11:53 of 1st period - Wrist shot by Guillaume Desbiens.
11:53 of 1st period - Shot Misses the Net.
12:03 of 1st period - Snap shot by Vojtech Polak.
12:03 of 1st period - Deflect By Evan Brophey.
12:03 of 1st period - Stopped by Petr Mrazek without a rebound.
12:04 of 1st period - Cédric Lalonde-McNicoll wins face-off versus Vincent Trocheck in Remparts zone.
12:19 of 1st period - Snap shot by Ville Leino.
12:19 of 1st period - Shot Misses the Net.
12:57 of 1st period - Snap shot by Jonathan Marchessault.
12:57 of 1st period - Stopped by Petr Mrazek without a rebound.
12:58 of 1st period - Cédric Lalonde-McNicoll wins face-off versus Jonathan Marchessault in Remparts zone.
13:27 of 1st period - Off-side.
13:28 of 1st period - Jonathan Matsumoto wins face-off versus Kyle Turris in neutral zone.
13:33 of 1st period - Jonathan Matsumoto is hit by Mark Mancari and loses puck.
13:42 of 1st period - Kyle Turris is hit by Matt Halischuk and loses puck.
14:16 of 1st period - Slapshot by Guillaume Desbiens.
14:16 of 1st period - Shot Blocked by Zach Boychuk.
14:24 of 1st period - Snap shot by Johannes Salmonsson.
14:24 of 1st period - Stopped by Richard Bachman without a rebound.
14:25 of 1st period - Kyle Turris wins face-off versus Jonathan Matsumoto in Sewer Rats zone.
14:59 of 1st period - Snap shot by Petr Straka.
14:59 of 1st period - Stopped by Richard Bachman with a rebound.
15:11 of 1st period - Wrist shot by Ville Leino.
15:11 of 1st period - Shot Blocked by Brandon Gormley.
15:13 of 1st period - Slapshot by Steven Kampfer.
15:13 of 1st period - Shot Blocked by William Colbert.
15:15 of 1st period - Slapshot by Mattias Ekholm.
15:15 of 1st period - Stopped by Petr Mrazek with a rebound.
15:17 of 1st period - Slapshot by Mattias Ekholm.
15:17 of 1st period - Shot Blocked by William Colbert.
15:19 of 1st period - Wrist shot by Ville Leino.
15:19 of 1st period - Stopped by Petr Mrazek without a rebound.
15:20 of 1st period - Jonathan Matsumoto wins face-off versus Kyle Turris in Remparts zone.
15:29 of 1st period - Wrist shot by Matt Halischuk.
15:29 of 1st period - Shot Blocked by Mattias Ekholm.
15:33 of 1st period - Snap shot by Jonathan Matsumoto.
15:33 of 1st period - Shot Misses the Net.
15:35 of 1st period - Snap shot by Jonathan Matsumoto.
15:35 of 1st period - Shot Misses the Net.
16:04 of 1st period - Snap shot by Vojtech Polak.
16:04 of 1st period - Shot Misses the Net.
16:10 of 1st period - Steven Kampfer is hit by Erik Gustafsson and loses puck.
17:18 of 1st period - Off-side.
17:19 of 1st period - Cédric Lalonde-McNicoll wins face-off versus Kyle Turris in neutral zone.
17:48 of 1st period - Wrist shot by Daniel Paille.
17:48 of 1st period - Stopped by Richard Bachman with a rebound.
17:50 of 1st period - Snap shot by Matt Halischuk.
17:50 of 1st period - Shot Misses the Net.
17:52 of 1st period - Slapshot by Daniel Paille.
17:52 of 1st period - Stopped by Richard Bachman with a rebound.
17:54 of 1st period - Slapshot by Daniel Paille.
17:54 of 1st period - Stopped by Richard Bachman with a rebound.
18:24 of 1st period - Matt Lashoff is hit by Geordie Wudrick and loses puck.
18:45 of 1st period - Wrist shot by Matt Halischuk.
18:45 of 1st period - Shot Misses the Net.
18:47 of 1st period - Wrist shot by Daniel Paille.
18:47 of 1st period - Stopped by Richard Bachman with a rebound.
18:53 of 1st period - Jonathan Matsumoto is hit by Ville Leino and loses puck.
19:04 of 1st period - Snap shot by Ville Leino.
19:04 of 1st period - Deflect By John Lammers.
19:04 of 1st period - Stopped by Petr Mrazek with a rebound.
19:06 of 1st period - Snap shot by Ville Leino.
19:06 of 1st period - Shot Blocked by Daniel Paille.
19:08 of 1st period - Snap shot by Vincent Trocheck.
19:08 of 1st period - Stopped by Petr Mrazek with a rebound.
19:16 of 1st period - Wrist shot by Ville Leino.
19:16 of 1st period - Stopped by Petr Mrazek with a rebound.
19:18 of 1st period - Slapshot by Matt Lashoff.
19:18 of 1st period - Stopped by Petr Mrazek with a rebound.
19:20 of 1st period - Wrist shot by Matt Lashoff.
19:20 of 1st period - Deflect By Ville Leino.
19:20 of 1st period - Shot Blocked by Radko Gudas.
19:20 of 1st period - Puck is out of play.
19:21 of 1st period - Cédric Lalonde-McNicoll wins face-off versus Derek Dorsett in Remparts zone.
19:30 of 1st period - Wrist shot by Derek Dorsett.
19:30 of 1st period - Stopped by Petr Mrazek with a rebound.
19:32 of 1st period - Snap shot by Zach Boychuk.
19:32 of 1st period - Shot Misses the Net.
19:34 of 1st period - Slapshot by Steven Kampfer.
19:34 of 1st period - Shot Blocked by Johannes Salmonsson.
19:36 of 1st period - Slapshot by Steven Kampfer.
19:36 of 1st period - Stopped by Petr Mrazek without a rebound.
19:37 of 1st period - Mika Zibanejad wins face-off versus Evan Brophey in Remparts zone.
19:48 of 1st period - Slapshot by Evan Brophey.
19:48 of 1st period - Stopped by Petr Mrazek with a rebound.
Goals for this period are 0 for Remparts vs 0 for Sewer Rats.
Shots for this period are 13 for Remparts vs 19 for Sewer Rats.
2nd period
0:01 of 2nd period - Kyle Turris wins face-off versus Jonathan Matsumoto in neutral zone.
0:14 of 2nd period - Wrist shot by Mark Mancari.
0:14 of 2nd period - Stopped by Petr Mrazek with a rebound.
0:32 of 2nd period - Snap shot by Jonathan Marchessault.
0:32 of 2nd period - Shot Blocked by Mika Zibanejad.
0:37 of 2nd period - Off-side.
0:38 of 2nd period - Cédric Lalonde-McNicoll wins face-off versus Jonathan Marchessault in neutral zone.
0:43 of 2nd period - Snap shot by Johannes Salmonsson.
0:43 of 2nd period - Deflect By Mattias Ekholm.
0:43 of 2nd period - Shot Blocked by Zach Boychuk.
0:43 of 2nd period - Puck is out of play.
0:44 of 2nd period - Cédric Lalonde-McNicoll wins face-off versus Jonathan Marchessault in Sewer Rats zone.
0:45 of 2nd period - Slapshot by Guillaume Desbiens.
0:45 of 2nd period - Stopped by Richard Bachman with a rebound.
0:57 of 2nd period - Wrist shot by Guillaume Desbiens.
0:57 of 2nd period - Stopped by Richard Bachman with a rebound.
0:59 of 2nd period - Snap shot by William Colbert.
0:59 of 2nd period - Shot Misses the Net.
1:09 of 2nd period - Mattias Ekholm is hit by William Colbert and loses puck.
1:30 of 2nd period - Slapshot by William Colbert.
1:30 of 2nd period - Shot Misses the Net.
1:36 of 2nd period - Slapshot by Jonathan Cheechoo.
1:36 of 2nd period - Stopped by Richard Bachman without a rebound.
1:37 of 2nd period - Kyle Turris wins face-off versus Jonathan Matsumoto in Sewer Rats zone.
1:37 of 2nd period - Kyle Turris is hit by Radko Gudas.
2:01 of 2nd period - Guillaume Desbiens is hit by Zach Boychuk and loses puck.
2:06 of 2nd period - Snap shot by Zach Boychuk.
2:06 of 2nd period - Stopped by Petr Mrazek with a rebound.
2:08 of 2nd period - Snap shot by Zach Boychuk.
2:08 of 2nd period - Goal by Zach Boychuk - Remparts : 0 - Sewer Rats : 1.
2:09 of 2nd period - Jonathan Matsumoto wins face-off versus Kyle Turris in neutral zone.
2:23 of 2nd period - Minor Penalty to Kyle Turris for Hooking.
2:24 of 2nd period - Jonathan Matsumoto wins face-off versus Ville Leino in Sewer Rats zone.
4:10 of 2nd period - Snap shot by Matt Lashoff.
4:10 of 2nd period - Stopped by Petr Mrazek without a rebound.
4:11 of 2nd period - Jonathan Matsumoto wins face-off versus Zach Boychuk in Remparts zone.
4:23 of 2nd period - Penalty to Kyle Turris is over, Kyle Turris is back on ice.
4:26 of 2nd period - Ville Leino is hit by Cédric Lalonde-McNicoll and loses puck.
4:37 of 2nd period - Snap shot by Vojtech Polak.
4:37 of 2nd period - Shot Misses the Net.
5:07 of 2nd period - Slapshot by Geordie Wudrick.
5:07 of 2nd period - Goal by Geordie Wudrick - Remparts : 1 - Sewer Rats : 1.
5:08 of 2nd period - Kyle Turris wins face-off versus Jonathan Matsumoto in neutral zone.
5:11 of 2nd period - Matt Halischuk is hit by Mark Mancari.
5:15 of 2nd period - Slapshot by Ville Leino.
5:15 of 2nd period - Stopped by Petr Mrazek without a rebound.
5:16 of 2nd period - Jonathan Matsumoto wins face-off versus Kyle Turris in Remparts zone.
5:27 of 2nd period - Slapshot by Mark Mancari.
5:27 of 2nd period - Stopped by Petr Mrazek without a rebound.
5:28 of 2nd period - Kyle Turris wins face-off versus Jonathan Matsumoto in Remparts zone.
5:35 of 2nd period - Wrist shot by Mark Mancari.
5:35 of 2nd period - Shot Blocked by Daniel Paille.
5:57 of 2nd period - Icing by Radko Gudas.
5:58 of 2nd period - Johannes Salmonsson wins face-off versus Jonathan Marchessault in Remparts zone.
6:03 of 2nd period - Wrist shot by Cédric Lalonde-McNicoll.
6:03 of 2nd period - Stopped by Richard Bachman with a rebound.
6:55 of 2nd period - Snap shot by Derek Dorsett.
6:55 of 2nd period - Shot Misses the Net.
6:59 of 2nd period - Wrist shot by Derek Dorsett.
6:59 of 2nd period - Stopped by Petr Mrazek with a rebound.
7:01 of 2nd period - Snap shot by Joel Edmundson.
7:01 of 2nd period - Shot Misses the Net.
7:33 of 2nd period - Wrist shot by Zach Boychuk.
7:33 of 2nd period - Stopped by Petr Mrazek without a rebound.
7:34 of 2nd period - Jonathan Matsumoto wins face-off versus Kyle Turris in Remparts zone.
7:34 of 2nd period - Jonathan Matsumoto is hit by Kyle Turris.
7:46 of 2nd period - Slapshot by Jonathan Matsumoto.
7:46 of 2nd period - Shot Misses the Net.
8:14 of 2nd period - Slapshot by Keith Ballard.
8:14 of 2nd period - Deflect By Jonathan Matsumoto.
8:14 of 2nd period - Shot Misses the Net.
8:14 of 2nd period - Puck is out of play.
8:15 of 2nd period - Cédric Lalonde-McNicoll wins face-off versus Vincent Trocheck in Sewer Rats zone.
8:40 of 2nd period - Brandon Gormley is hit by Matt Lashoff and loses puck.
8:49 of 2nd period - Mattias Ekholm is hit by William Colbert and loses puck.
9:06 of 2nd period - Slapshot by Radko Gudas.
9:06 of 2nd period - Shot Blocked by Ville Leino.
9:08 of 2nd period - Slapshot by Radko Gudas.
9:08 of 2nd period - Shot Blocked by Steven Kampfer.
9:58 of 2nd period - Kyle Turris is hit by Jonathan Cheechoo.
10:18 of 2nd period - Icing by Brandon Gormley.
10:19 of 2nd period - Max Reinhart wins face-off versus Jonathan Marchessault in Remparts zone.
10:19 of 2nd period - Max Reinhart is hit by Mattias Ekholm.
10:31 of 2nd period - Wrist shot by Jonathan Marchessault.
10:31 of 2nd period - Stopped by Petr Mrazek without a rebound.
10:32 of 2nd period - Jonathan Marchessault wins face-off versus Matt Halischuk in Remparts zone.
11:17 of 2nd period - Johannes Salmonsson is hit by Vojtech Polak and loses puck.
12:06 of 2nd period - Slapshot by Keith Ballard.
12:06 of 2nd period - Stopped by Richard Bachman with a rebound.
12:43 of 2nd period - Jonathan Marchessault is hit by William Colbert and loses puck.
12:52 of 2nd period - Snap shot by Daniel Paille.
12:52 of 2nd period - Stopped by Richard Bachman with a rebound.
12:54 of 2nd period - Snap shot by Nate Guenin.
12:54 of 2nd period - Stopped by Richard Bachman without a rebound.
12:55 of 2nd period - Jonathan Matsumoto wins face-off versus Kyle Turris in Sewer Rats zone.
12:56 of 2nd period - Snap shot by Daniel Paille.
12:56 of 2nd period - Stopped by Richard Bachman with a rebound.
13:20 of 2nd period - Nate Guenin is hit by Mattias Ekholm and loses puck.
13:48 of 2nd period - Minor Penalty to Evan Brophey for Interference.
13:49 of 2nd period - Jonathan Matsumoto wins face-off versus Mark Mancari in Sewer Rats zone.
15:06 of 2nd period - Kyle Turris is hit by Radko Gudas and loses puck.
15:48 of 2nd period - Penalty to Evan Brophey is over, Evan Brophey is back on ice.
15:59 of 2nd period - Mattias Ekholm is hit by William Colbert and loses puck.
16:06 of 2nd period - Slapshot by Jonathan Cheechoo.
16:06 of 2nd period - Stopped by Richard Bachman with a rebound.
16:24 of 2nd period - Evan Brophey is hit by Mika Zibanejad and loses puck.
16:39 of 2nd period - Snap shot by Ville Leino.
16:39 of 2nd period - Shot Misses the Net.
17:12 of 2nd period - Off-side.
17:13 of 2nd period - Cédric Lalonde-McNicoll wins face-off versus Jonathan Marchessault in neutral zone.
17:43 of 2nd period - Off-side.
17:44 of 2nd period - Jonathan Matsumoto wins face-off versus Kyle Turris in neutral zone.
18:15 of 2nd period - Joel Edmundson is hit by Cédric Lalonde-McNicoll and loses puck.
18:32 of 2nd period - Slapshot by Derek Dorsett.
18:32 of 2nd period - Stopped by Petr Mrazek without a rebound.
18:33 of 2nd period - Jonathan Marchessault wins face-off versus Jonathan Matsumoto in Remparts zone.
19:02 of 2nd period - Penalty Shot by Radko Gudas for Remparts.
19:02 of 2nd period - Snap shot by Radko Gudas.
19:02 of 2nd period - Stopped by Richard Bachman.
19:03 of 2nd period - Kyle Turris wins face-off versus Cédric Lalonde-McNicoll in Remparts zone.
19:09 of 2nd period - Wrist shot by Ville Leino.
19:09 of 2nd period - Shot Misses the Net.
19:17 of 2nd period - Wrist shot by Kyle Turris.
19:17 of 2nd period - Shot Misses the Net.
19:19 of 2nd period - Snap shot by Mark Mancari.
19:19 of 2nd period - Stopped by Petr Mrazek without a rebound.
19:20 of 2nd period - Jonathan Matsumoto wins face-off versus Derek Dorsett in Remparts zone.
19:27 of 2nd period - Snap shot by Zach Boychuk.
19:27 of 2nd period - Stopped by Petr Mrazek without a rebound.
19:28 of 2nd period - Jonathan Matsumoto wins face-off versus Jonathan Marchessault in Remparts zone.
19:43 of 2nd period - Wrist shot by Zach Boychuk.
19:43 of 2nd period - Shot Misses the Net.
Goals for this period are 1 for Remparts vs 1 for Sewer Rats.
Shots for this period are 10 for Remparts vs 12 for Sewer Rats.
3rd period
0:01 of 3rd period - Jonathan Matsumoto wins face-off versus Ville Leino in neutral zone.
0:08 of 3rd period - Slapshot by Daniel Paille.
0:08 of 3rd period - Shot Misses the Net.
0:10 of 3rd period - Snap shot by Daniel Paille.
0:10 of 3rd period - Goal by Daniel Paille - Remparts : 2 - Sewer Rats : 1.
0:11 of 3rd period - Kyle Turris wins face-off versus Jonathan Matsumoto in neutral zone.
0:36 of 3rd period - Kyle Quincey is hit by Johannes Salmonsson and loses puck.
0:37 of 3rd period - Kyle Quincey from Sewer Rats is injured at 0:37 of 3rd period (Right Hand).
0:38 of 3rd period - Kyle Turris wins face-off versus Jonathan Matsumoto in Sewer Rats zone.
0:51 of 3rd period - Snap shot by Daniel Paille.
0:51 of 3rd period - Stopped by Richard Bachman with a rebound.
0:53 of 3rd period - Wrist shot by Daniel Paille.
0:53 of 3rd period - Shot Blocked by Ville Leino.
1:03 of 3rd period - Radko Gudas is hit by Zach Boychuk and loses puck.
1:12 of 3rd period - Slapshot by Brandon Gormley.
1:12 of 3rd period - Shot Misses the Net.
1:41 of 3rd period - Max Reinhart is hit by Steven Kampfer and loses puck.
2:04 of 3rd period - Wrist shot by Daniel Paille.
2:04 of 3rd period - Shot Misses the Net.
2:06 of 3rd period - Snap shot by Matt Halischuk.
2:06 of 3rd period - Shot Blocked by Ryan Murphy.
2:08 of 3rd period - Slapshot by Brandon Gormley.
2:08 of 3rd period - Stopped by Richard Bachman without a rebound.
2:09 of 3rd period - Jonathan Marchessault wins face-off versus Jonathan Matsumoto in Sewer Rats zone.
2:34 of 3rd period - Keith Ballard is hit by Mark Mancari and loses puck.
4:11 of 3rd period - Wrist shot by Zach Boychuk.
4:11 of 3rd period - Shot Blocked by Jonathan Cheechoo.
4:27 of 3rd period - Luca Caputi is hit by Evan Brophey and loses puck.
5:38 of 3rd period - Slapshot by Steven Kampfer.
5:38 of 3rd period - Shot Blocked by Brandon Gormley.
6:11 of 3rd period - Kyle Turris is hit by Nate Guenin and loses puck.
6:20 of 3rd period - Jonathan Cheechoo is hit by Mark Mancari and loses puck.
7:09 of 3rd period - Minor Penalty to Radko Gudas for Roughing.
7:10 of 3rd period - Kyle Turris wins face-off versus Max Reinhart in Remparts zone.
7:53 of 3rd period - Max Reinhart is hit by Ville Leino and loses puck.
9:09 of 3rd period - Penalty to Radko Gudas is over, Radko Gudas is back on ice.
9:14 of 3rd period - Mika Zibanejad is hit by Dmitrij Jaskin and loses puck.
9:33 of 3rd period - Snap shot by Radko Gudas.
9:33 of 3rd period - Deflect By Johannes Salmonsson.
9:33 of 3rd period - Shot Blocked by Matt Lashoff.
9:33 of 3rd period - Puck is out of play.
9:34 of 3rd period - Max Reinhart wins face-off versus Evan Brophey in Sewer Rats zone.
9:56 of 3rd period - Minor Penalty to Mattias Ekholm for High sticking.
9:57 of 3rd period - Jonathan Matsumoto wins face-off versus Ville Leino in Sewer Rats zone.
10:10 of 3rd period - Slapshot by Radko Gudas.
10:10 of 3rd period - Deflect By Daniel Paille.
10:10 of 3rd period - Stopped by Richard Bachman with a rebound.
10:12 of 3rd period - Slapshot by Keith Ballard.
10:12 of 3rd period - Stopped by Richard Bachman without a rebound.
10:13 of 3rd period - Ville Leino wins face-off versus Jonathan Matsumoto in Sewer Rats zone.
10:24 of 3rd period - Matt Lashoff is hit by Matt Halischuk and loses puck.
10:37 of 3rd period - Mark Mancari is hit by Cédric Lalonde-McNicoll and loses puck.
10:42 of 3rd period - Slapshot by Guillaume Desbiens.
10:42 of 3rd period - Stopped by Richard Bachman with a rebound.
10:44 of 3rd period - Snap shot by Brandon Gormley.
10:44 of 3rd period - Shot Misses the Net.
10:46 of 3rd period - Snap shot by Cédric Lalonde-McNicoll.
10:46 of 3rd period - Stopped by Richard Bachman with a rebound.
11:56 of 3rd period - Penalty to Mattias Ekholm is over, Mattias Ekholm is back on ice.
12:48 of 3rd period - Snap shot by Nate Guenin.
12:48 of 3rd period - Deflect By Jonathan Cheechoo.
12:48 of 3rd period - Shot Blocked by Joel Edmundson.
12:48 of 3rd period - Puck is out of play.
12:49 of 3rd period - Ville Leino wins face-off versus Max Reinhart in Sewer Rats zone.
12:53 of 3rd period - Off-side.
12:54 of 3rd period - Jonathan Matsumoto wins face-off versus Kyle Turris in neutral zone.
13:08 of 3rd period - Minor Penalty to Keith Ballard for High sticking.
13:09 of 3rd period - Max Reinhart wins face-off versus Kyle Turris in Remparts zone.
13:09 of 3rd period - Max Reinhart is hit by Matt Lashoff.
13:32 of 3rd period - Icing by Mark Mancari.
13:33 of 3rd period - Jonathan Marchessault wins face-off versus Max Reinhart in Sewer Rats zone.
13:59 of 3rd period - Icing by Steven Kampfer.
14:00 of 3rd period - Cédric Lalonde-McNicoll wins face-off versus Kyle Turris in Sewer Rats zone.
14:09 of 3rd period - Wrist shot by Johannes Salmonsson.
14:09 of 3rd period - Stopped by Richard Bachman with a rebound.
14:11 of 3rd period - Wrist shot by Cédric Lalonde-McNicoll.
14:11 of 3rd period - Shot Misses the Net.
14:13 of 3rd period - Wrist shot by Nate Guenin.
14:13 of 3rd period - Deflect By Mark Mancari.
14:13 of 3rd period - Stopped by Richard Bachman with a rebound.
14:15 of 3rd period - Snap shot by Johannes Salmonsson.
14:15 of 3rd period - Stopped by Richard Bachman with a rebound.
14:27 of 3rd period - Snap shot by Ville Leino.
14:27 of 3rd period - Shot Blocked by Radko Gudas.
14:29 of 3rd period - Wrist shot by Derek Dorsett.
14:29 of 3rd period - Stopped by Petr Mrazek with a rebound.
14:35 of 3rd period - Snap shot by Zach Boychuk.
14:35 of 3rd period - Shot Misses the Net.
14:37 of 3rd period - Slapshot by Derek Dorsett.
14:37 of 3rd period - Shot Blocked by Daniel Paille.
14:53 of 3rd period - Backhand shot by Johannes Salmonsson.
14:53 of 3rd period - Shot Misses the Net.
15:08 of 3rd period - Penalty to Keith Ballard is over, Keith Ballard is back on ice.
15:15 of 3rd period - Snap shot by Guillaume Desbiens.
15:15 of 3rd period - Shot Misses the Net.
16:14 of 3rd period - Wrist shot by Jonathan Marchessault.
16:14 of 3rd period - Stopped by Petr Mrazek with a rebound.
16:31 of 3rd period - Off-side.
16:32 of 3rd period - Kyle Turris wins face-off versus Cédric Lalonde-McNicoll in neutral zone.
16:47 of 3rd period - Wrist shot by Kyle Turris.
16:47 of 3rd period - Stopped by Petr Mrazek without a rebound.
16:48 of 3rd period - Evan Brophey wins face-off versus Mika Zibanejad in Remparts zone.
16:49 of 3rd period - Slapshot by Vojtech Polak.
16:49 of 3rd period - Shot Misses the Net.
16:51 of 3rd period - Slapshot by Dmitrij Jaskin.
16:51 of 3rd period - Goal by Dmitrij Jaskin - Remparts : 2 - Sewer Rats : 2.
16:52 of 3rd period - Mark Mancari wins face-off versus Mika Zibanejad in neutral zone.
17:24 of 3rd period - Minor Penalty to Dmitrij Jaskin for Hooking.
17:25 of 3rd period - Ville Leino wins face-off versus Jonathan Matsumoto in Sewer Rats zone.
17:54 of 3rd period - Slapshot by Keith Ballard.
17:54 of 3rd period - Shot Misses the Net.
17:56 of 3rd period - Slapshot by Radko Gudas.
17:56 of 3rd period - Shot Blocked by Matt Lashoff.
19:24 of 3rd period - Penalty to Dmitrij Jaskin is over, Dmitrij Jaskin is back on ice.
19:26 of 3rd period - Snap shot by Mattias Ekholm.
19:26 of 3rd period - Stopped by Petr Mrazek with a rebound.
Goals for this period are 1 for Remparts vs 1 for Sewer Rats.
Shots for this period are 10 for Remparts vs 5 for Sewer Rats.
Overtime #1
0:01 of 1st overtime period - Daniel Paille wins face-off versus Ville Leino in neutral zone.
0:47 of 1st overtime period - Slapshot by Matt Lashoff.
0:47 of 1st overtime period - Stopped by Petr Mrazek with a rebound.
1:16 of 1st overtime period - Snap shot by Cédric Lalonde-McNicoll.
1:16 of 1st overtime period - Stopped by Richard Bachman without a rebound.
1:17 of 1st overtime period - Cédric Lalonde-McNicoll wins face-off versus Zach Boychuk in Sewer Rats zone.
1:32 of 1st overtime period - Wrist shot by Steven Kampfer.
1:32 of 1st overtime period - Stopped by Petr Mrazek without a rebound.
1:33 of 1st overtime period - Ville Leino wins face-off versus Jonathan Matsumoto in Remparts zone.
1:36 of 1st overtime period - Wrist shot by Mark Mancari.
1:36 of 1st overtime period - Goal by Mark Mancari - Remparts : 2 - Sewer Rats : 3.
Goals for this period are 0 for Remparts vs 1 for Sewer Rats.
Shots for this period are 1 for Remparts vs 3 for Sewer Rats.
Back to the Top